[Event "Titled Tuesday Blitz August 1 Late 2023"]
[White "Piesik, Piotr"]
[Black "Ashraf, Artin"]
[WhiteFideId "1136194"]
[BlackFideId "22514805"]
[WhiteElo "2631"]
[BlackElo "2828"]
[Result "1-0"]
[Round "6"]
[TimeControl "180+1"]
[Date "2023.08.01"]
[WhiteClock "0:00:45"]
[BlackClock "0:00:00"]
[Board "22"]

1. Nf3 c5 2. g3 Nc6 3. Bg2 g6 4. c3 Bg7 5. d4 cxd4 6. cxd4 d5 7. O-O Bg4 8. e3 e6 9. b3 Nge7 10. Ba3 O-O 11. Nbd2 Qa5 12. Qc1 Rfc8 13. Qb2 Nb4 14. Bxb4 Qxb4 15. Rfc1 Nc6 16. a3 Qb6 17. b4 Bxf3 18. Nxf3 Na5 19. Bf1 Nc4 20. Qb3 Qc7 21. b5 Na5 22. Qd1 Qd8 23. Bd3 Bf8 24. a4 Bd6 25. Nd2 h5 26. Rxc8 Rxc8 27. Rc1 Ba3 28. Rxc8 Qxc8 29. Qc2 Qxc2 30. Bxc2 Bb4 31. Nf3 Kf8 32. Ne5 Bd6 33. Nd3 g5 34. Bd1 g4 35. h3 f5 36. h4 Ke7 37. Kf1 Nc4 38. Ke2 Kd8 39. Bb3 Na5 40. Ba2 Kc7 41. Kd2 Kb6 42. Kc3 a6 43. bxa6 bxa6 44. Nc1 Nc6 45. Nd3 Ne7 46. Bb3 Ka5 47. Bd1 Ng8 48. Bc2 Kb6 49. Bb3 Nf6 50. Kd2 Ne4+ 51. Ke1 Ka5 52. Bc2 Bb4+ 53. Kf1 Bd6 54. Ke1 Nc3 55. Nc5 Bxc5 56. dxc5 Ne4 57. Bxe4 fxe4 58. Kd2 e5 59. Kc3 d4+ 60. exd4 1-0


[Site "https://www.chess.com"]

[Event "Titled Tuesday Blitz August 1 Late 2023"]
[White "Pinheiro, Iung Alicio de O."]
[Black "Lamaze, Simon"]
[WhiteFideId "2104350"]
[BlackFideId "36069264"]
[WhiteElo "2618"]
[BlackElo "2812"]
[Result "1-0"]
[Round "6"]
[TimeControl "180+1"]
[Date "2023.08.01"]
[WhiteClock "0:00:23"]
[BlackClock "0:00:00"]
[Board "23"]

1. e4 c6 2. Nc3 d5 3. Nf3 Bg4 4. h3 Bxf3 5. Qxf3 e6 6. a3 Nd7 7. d3 Bd6 8. g3 Ne7 9. Bg2 h5 10. h4 Qb6 11. Qe2 d4 12. Nb1 c5 13. Nd2 Bc7 14. O-O O-O-O 15. Nc4 Qa6 16. b4 b5 17. Nd2 g5 18. Nf3 gxh4 19. Nxh4 c4 20. a4 Rdg8 21. dxc4 bxc4 22. b5 Qd6 23. Ba3 d3 24. cxd3 Qd4 25. Nf3 Qf6 26. e5 Nxe5 27. Nxe5 Qxe5 28. Qxe5 Bxe5 29. Bxe7 h4 30. Bxh4 c3 31. Rfe1 Bd4 32. Re4 e5 33. Bf6 Rh5 34. Rxd4 exd4 35. Bxd4 Rd8 36. Bxc3 Rxd3 37. Bb4 1-0


[Site "https://www.chess.com"]

[Event "Titled Tuesday Blitz August 1 Late 2023"]
[White "Ganiev, Roman"]
[Black "Grigorov, Grigor"]
[WhiteFideId "4131452"]
[BlackFideId "2907313"]
[WhiteElo "2604"]
[BlackElo "2787"]
[Result "1/2-1/2"]
[Round "6"]
[TimeControl "180+1"]
[Date "2023.08.01"]
[WhiteClock "0:00:36"]
[BlackClock "0:00:16"]
[Board "24"]

1. e4 c6 2. d4 d5 3. Nc3 dxe4 4. Nxe4 Nf6 5. Nxf6+ exf6 6. c3 Bd6 7. Bd3 Na6 8. Ne2 Nc7 9. O-O O-O 10. Bf4 Bg4 11. Qd2 Nd5 12. Bxd6 Qxd6 13. Ng3 Rfe8 14. Rfe1 Qf4 15. Rxe8+ Rxe8 16. Re1 Rxe1+ 17. Qxe1 Be6 18. h3 g6 19. Ne4 b6 20. Qd2 Kg7 21. a3 Qc7 22. Ng3 Nf4 23. Be4 Bc4 24. Qe3 c5 25. dxc5 bxc5 26. b4 cxb4 27. cxb4 Qe5 28. Qxa7 f5 29. Bf3 Nd3 30. Ne2 Qa1+ 31. Kh2 Qe5+ 32. Kg1 Qa1+ 33. Kh2 Qe5+ 34. Kg1 1/2-1/2


[Site "https://www.chess.com"]

[Event "Titled Tuesday Blitz August 1 Late 2023"]
[White "Vlassov, Nikolai"]
[Black "Krzyzanowski, Marcin"]
[WhiteFideId "4103360"]
[BlackFideId "1132199"]
[WhiteElo "2575"]
[BlackElo "2781"]
[Result "1-0"]
[Round "6"]
[TimeControl "180+1"]
[Date "2023.08.01"]
[WhiteClock "0:00:38"]
[BlackClock "0:00:01"]
[Board "25"]

1. e4 c5 2. c3 d5 3. exd5 Qxd5 4. d4 g6 5. dxc5 Qxc5 6. Be3 Qa5 7. Na3 Nf6 8. Nc4 Qc7 9. Nf3 Bg7 10. Qa4+ Bd7 11. Qa5 Qxa5 12. Nxa5 b6 13. Nc4 O-O 14. Be2 Nc6 15. O-O Rad8 16. Rfd1 Be6 17. Ng5 Bd5 18. a4 h6 19. Nf3 Rfe8 20. Nce5 Ne4 21. Rxd5 Rxd5 22. Nxc6 Nc5 23. Bc4 Rd6 24. Nxa7 Ra8 25. Bxc5 bxc5 26. Nb5 Rda6 27. b3 Ra5 28. Rd1 Bf6 29. h4 Kg7 30. g3 g5 31. hxg5 hxg5 32. g4 Rh8 33. Kg2 Raa8 34. Rd7 Kg6 35. Bd3+ Kg7 36. Be4 Ra6 37. Bb7 Rb6 38. c4 Ba1 39. a5 Re6 40. a6 Re2 41. a7 Ra2 42. Rxe7 Bf6 43. Rc7 Rd8 44. Bd5 Re8 45. Rxf7+ Kg6 46. Rxf6+ Kxf6 47. Nc7 Ree2 48. a8=Q Rxf2+ 49. Kg3 Rg2+ 50. Kh3 Rxa8 51. Kxg2 Ra2+ 52. Kg3 Rb2 53. Na6 Rxb3 54. Nxc5 Rb1 55. Ne4+ Kg6 56. Nexg5 Kh6 57. Ne6 Rc1 58. c5 Rc2 59. c6 Rc3 60. c7 Rd3 61. c8=Q Rxd5 62. Qf8+ Kg6 63. Qg7# 1-0


[Site "https://www.chess.com"]

[Event "Titled Tuesday Blitz August 1 Late 2023"]
[White "Dobrikov, Marco"]
[Black "Weetik, Vjacheslav"]
[WhiteFideId "12950378"]
[BlackFideId "4153472"]
[WhiteElo "2567"]
[BlackElo "2764"]
[Result "0-1"]
[Round "6"]
[TimeControl "180+1"]
[Date "2023.08.01"]
[WhiteClock "0:00:11"]
[BlackClock "0:00:08"]
[Board "26"]

1. d4 Nf6 2. Bf4 d5 3. e3 c5 4. c3 e6 5. Nd2 Bd6 6. Bg3 O-O 7. Ngf3 Qc7 8. Bd3 Nbd7 9. Qc2 e5 10. dxe5 Nxe5 11. Bh4 Nxd3+ 12. Qxd3 c4 13. Qc2 Nd7 14. O-O Nc5 15. Nd4 Bxh2+ 16. Kh1 Be5 17. N2f3 f6 18. Rad1 Bg4 19. Nf5 Nd3 20. N5d4 Qf7 21. Bg3 Rae8 22. Kg1 Qh5 23. Rxd3 cxd3 24. Qxd3 a6 25. Rd1 Bxg3 26. fxg3 Re4 27. Kf2 Rfe8 28. Re1 Bxf3 29. Nxf3 Qf7 30. a4 h6 31. a5 R4e7 32. Nd4 Qh5 33. Nf3 Rd8 34. Qd4 Qf7 35. Qb6 Rdd7 36. Rd1 Qg6 37. Qc5 Qc2+ 38. Rd2 Qe4 39. Re2 Kh7 40. Nd2 Qf5+ 41. Nf3 Rc7 42. Qb4 Re4 43. Qb6 Rce7 44. Qd6 g5 45. Kg1 Qe6 46. Qxe6 R7xe6 47. Kf2 Ra4 48. Nd4 Re4 49. b4 Kg6 50. Rc2 h5 51. Ke2 Ra1 52. Kf3 Rf1+ 53. Ke2 Rg1 54. Kf2 Rb1 55. Kf3 Re8 56. Kf2 Rc8 57. Ne2 Rxb4 58. Rd2 Rb5 59. Nd4 Rxa5 60. Rb2 b5 61. Rb3 Ra4 62. Ne6 Rac4 63. Ra3 R8c6 64. Rxa6 Rxa6 0-1


[Site "https://www.chess.com"]

[Event "Titled Tuesday Blitz August 1 Late 2023"]
[White "Volovich, Vasily"]
[Black "Nikologorsky, Matfei"]
[WhiteFideId "34169676"]
[BlackFideId "24102474"]
[WhiteElo "2747"]
[BlackElo "2382"]
[Result "1-0"]
[Round "6"]
[TimeControl "180+1"]
[Date "2023.08.01"]
[WhiteClock "0:00:05"]
[BlackClock "0:00:04"]
[Board "27"]

1. e4 c5 2. Nf3 e6 3. c3 d5 4. exd5 Qxd5 5. d4 Nf6 6. Na3 Nc6 7. Nb5 Qd8 8. dxc5 Bxc5 9. Qxd8+ Kxd8 10. Bf4 Ne4 11. Rd1+ Bd7 12. Bg3 Nxg3 13. hxg3 Ke7 14. Nbd4 Rac8 15. Bb5 Nxd4 16. Nxd4 Bxb5 17. Nxb5 h6 18. Ke2 a6 19. Nd4 Rhd8 20. Nb3 Bb6 21. f3 e5 22. g4 Ke6 23. Nd2 Rd5 24. Ne4 Rcd8 25. Rxd5 Rxd5 26. Ng3 Rb5 27. b3 Rc5 28. c4 Rc8 29. Nf5 Kf6 30. Nd6 Rb8 31. Rd1 Bc7 32. c5 Ke6 33. Nf5 g6 34. Ne3 h5 35. gxh5 gxh5 36. Nd5 Ba5 37. b4 Bd8 38. Nc3 Be7 39. Na4 Rg8 40. Kf1 Rc8 41. Nb6 Rc6 42. Nd5 a5 43. a3 axb4 44. axb4 Rc8 45. Kf2 f5 46. Ne3 b6 47. cxb6 Bxb4 48. Rb1 Bc5 49. b7 Rb8 50. Ke2 Bxe3 51. Kxe3 Kd6 52. Rb5 Kc6 53. Rxe5 Rxb7 54. Rxf5 Rg7 55. Kf2 Rh7 56. Kg3 Kd6 57. Kh4 Ke6 58. Rxh5 Rg7 59. g3 Kf6 60. f4 Rc7 61. Ra5 Rc3 62. Kg4 Rc6 63. Rh5 Kg6 64. f5+ Kg7 65. Kg5 Rb6 66. g4 Ra6 67. f6+ Rxf6 68. Rh7+ Kxh7 69. Kxf6 Kh8 70. g5 Kg8 71. Kg6 Kh8 72. Kh6 Kg8 73. Kg6 Kh8 74. Kf7 Kh7 75. g6+ Kh6 76. g7 Kg5 77. g8=Q+ 1-0


[Site "https://www.chess.com"]

[Event "Titled Tuesday Blitz August 1 Late 2023"]
[White "Makarian, Rudik"]
[Black "Golubka, Petro"]
[WhiteFideId "44105681"]
[BlackFideId "14114224"]
[WhiteElo "3000"]
[BlackElo "2727"]
[Result "0-1"]
[Round "6"]
[TimeControl "180+1"]
[Date "2023.08.01"]
[WhiteClock "0:00:00"]
[BlackClock "0:00:03"]
[Board "28"]

1. d4 d5 2. c4 dxc4 3. Nf3 Nf6 4. e3 e6 5. Bxc4 c5 6. O-O a6 7. Be2 Nc6 8. dxc5 Qxd1 9. Rxd1 Bxc5 10. Nbd2 Bd7 11. a3 O-O 12. b4 Be7 13. Bb2 b5 14. Nb3 Rfd8 15. Rac1 Be8 16. Rxd8 Rxd8 17. Nfd4 Nxd4 18. Bxd4 Nd5 19. Bf3 f6 20. g4 Bd7 21. Bc5 Kf7 22. Bxd5 exd5 23. Bxe7 Kxe7 24. h3 Kd6 25. Kg2 h5 26. Kg3 Rh8 27. Nd4 g6 28. f3 Rh7 29. Ne2 Re7 30. Rc3 hxg4 31. hxg4 g5 32. Nd4 Rh7 33. Rc1 Rh8 34. Nb3 Rc8 35. Rxc8 Bxc8 36. f4 Bd7 37. Nd4 Bc8 38. fxg5 fxg5 39. Nf3 d4 40. Nxd4 Kd5 41. Nf5 Bd7 42. Kf3 Kc4 43. Nd4 Kd3 44. Nb3 Bc6+ 45. Kf2 Kc3 46. Nc5 Kb2 47. Nxa6 Kxa3 48. Ke2 Bb7 49. Nc5 Bc8 50. Nd3 Bxg4+ 51. Kd2 Bf5 52. Nf2 Kxb4 53. e4 Be6 54. Kd3 Kc5 55. Ke3 b4 56. e5 b3 57. Ne4+ Kc4 58. Nxg5 Kc3 59. Ne4+ Kc2 60. Nd2 b2 61. Ke2 Bh3 62. Ke3 Be6 63. Ke2 Kc1 64. Ke3 Bd5 65. Kd3 Be6 66. Kc3 Bd5 67. Kd3 Be6 68. Kc3 Bc4 69. Nxc4 b1=Q 70. Kd4 Qb4 71. Kd5 Qb5+ 72. Kd4 Qc6 73. Ne3 Kd2 74. Nd5 Kd1 75. Nf4 Qa4+ 76. Ke3 Qa3+ 77. Ke4 Qb4+ 78. Kf5 Qb1+ 79. Kf6 Qc1 80. Ng6 Qc3 81. Kf5 Ke2 82. e6 Qg7 83. Ne5 Ke3 84. Nf7 Kd4 0-1


[Site "https://www.chess.com"]

[Event "Titled Tuesday Blitz August 1 Late 2023"]
[White "Kamsky, Gata"]
[Black "Korchmar, Vasiliy"]
[WhiteFideId "2000024"]
[BlackFideId "24131750"]
[WhiteElo "2991"]
[BlackElo "2677"]
[Result "1/2-1/2"]
[Round "6"]
[TimeControl "180+1"]
[Date "2023.08.01"]
[WhiteClock "0:00:19"]
[BlackClock "0:00:08"]
[Board "29"]

1. e4 c5 2. Nf3 d6 3. d4 cxd4 4. Nxd4 Nf6 5. Nc3 Nc6 6. Bg5 Bd7 7. Qd2 a6 8. f3 e6 9. h4 Be7 10. O-O-O b5 11. Nxc6 Bxc6 12. Ne2 Qc7 13. Kb1 Bb7 14. Nd4 Rc8 15. g4 h6 16. Be3 d5 17. e5 Nd7 18. f4 Nc5 19. Bd3 Ne4 20. Qh2 Bc5 21. f5 Qb6 22. Bxe4 dxe4 23. Rhf1 Bd5 24. Qf2 Qc7 25. fxe6 fxe6 26. Nxb5 axb5 27. Bxc5 Qxc5 28. Qf7+ Kd8 29. c3 Qc4 30. Qxe6 Qxa2+ 31. Kc2 Qb3+ 32. Kb1 Qa2+ 33. Kc1 Qa1+ 34. Kc2 Qa4+ 35. Kb1 Qa2+ 1/2-1/2


[Site "https://www.chess.com"]

[Event "Titled Tuesday Blitz August 1 Late 2023"]
[White "Rustemov, Alexander"]
[Black "Manukyan, Sargis A."]
[WhiteFideId "4119002"]
[BlackFideId "13303970"]
[WhiteElo "2840"]
[BlackElo "2653"]
[Result "0-1"]
[Round "6"]
[TimeControl "180+1"]
[Date "2023.08.01"]
[WhiteClock "0:00:12"]
[BlackClock "0:00:17"]
[Board "30"]

1. d4 d5 2. c4 e6 3. Nc3 Nf6 4. Nf3 Be7 5. Bg5 O-O 6. e3 b6 7. cxd5 Nxd5 8. Bxe7 Qxe7 9. Nxd5 exd5 10. Rc1 Bb7 11. Qa4 Rc8 12. Be2 c5 13. Qa3 Qf8 14. dxc5 bxc5 15. O-O Nd7 16. Qa5 g6 17. Rfd1 Nb6 18. b3 Qe7 19. Rd2 d4 20. exd4 cxd4 21. Rcd1 d3 22. Bxd3 Bxf3 23. gxf3 Rc5 24. Qa6 Rg5+ 25. Kh1 Qe5 26. Bf1 Re8 27. Rd8 Rxd8 28. Rxd8+ Kg7 29. Qd3 Nd5 30. h3 Nf6 31. Qe3 Qf5 32. Rd4 h6 33. Bg2 Nh5 34. Qe4 Qf6 35. Rc4 Re5 36. Qd4 g5 37. Rc5 Re1+ 38. Kh2 Qxd4 0-1


[Site "https://www.chess.com"]

[Event "Titled Tuesday Blitz August 1 Late 2023"]
[White "Hambleton, Aman"]
[Black "Ovchinnikov, Vsevolod"]
[WhiteFideId "2606577"]
[BlackFideId "24176842"]
[WhiteElo "2808"]
[BlackElo "2626"]
[Result "0-1"]
[Round "6"]
[TimeControl "180+1"]
[Date "2023.08.01"]
[WhiteClock "0:00:00"]
[BlackClock "0:00:06"]
[Board "31"]

1. d4 Nf6 2. Bf4 g6 3. Nc3 Bg7 4. e4 d6 5. Qd2 Nc6 6. O-O-O Nh5 7. Be3 e5 8. dxe5 dxe5 9. Qxd8+ Nxd8 10. Bc4 c6 11. Nge2 Be6 12. Bb3 Bxb3 13. axb3 Ne6 14. Na4 Bf8 15. f3 Bb4 16. c3 Be7 17. b4 Nf6 18. b3 b6 19. Kc2 Rd8 20. Rxd8+ Kxd8 21. Rd1+ Kc7 22. Ra1 Kb7 23. Nb2 Rd8 24. Nd3 Nd7 25. Rd1 f6 26. h3 Ndf8 27. Ra1 Nc7 28. Nb2 Nfe6 29. Nc4 Nb5 30. Rc1 Rd7 31. Rb1 Bd8 32. Nc1 Bc7 33. Nd3 Nd6 34. Re1 Nxc4 35. bxc4 Rd8 36. Rf1 Rd7 37. Ra1 f5 38. c5 fxe4 39. cxb6 axb6 40. fxe4 Rf7 41. Kd2 Rf8 42. Ke2 h5 43. Ra2 Rf7 44. c4 Rf8 45. c5 b5 46. Ra1 Bb8 47. Ne1 Kc8 48. Nf3 Rd8 49. Ra2 Rd7 50. Ra3 Rd8 51. Rd3 Rxd3 52. Kxd3 Kd7 53. Bd2 Bc7 54. Ke3 Ke7 55. Bc3 Kf6 56. g3 Nd8 57. Nh4 Nf7 58. Ke2 Ng5 59. Kd3 Nxh3 60. Nf3 Ng5 61. Nh4 Ne6 62. Bd2 Ng7 63. Nf3 Ne6 64. Be3 g5 65. Bd2 g4 66. Nh4 Bd8 67. Bc3 Ng5 68. Nf5 Nf7 69. Ke2 Ke6 70. Ng7+ Kf6 71. Nf5 Bc7 72. Bb2 Ng5 73. Kd3 Nf3 74. Bc1 Bd8 75. Bh6 Kg6 76. Bf8 h4 77. gxh4 Nxh4 78. Nd6 g3 79. Ke2 Bg5 80. Nc8 g2 0-1


[Site "https://www.chess.com"]

[Event "Titled Tuesday Blitz August 1 Late 2023"]
[White "Bauman_Guy"]
[Black "Tologon tegin, Semetei"]
[BlackFideId "13800574"]
[WhiteElo "2805"]
[BlackElo "2606"]
[Result "1-0"]
[Round "6"]
[TimeControl "180+1"]
[Date "2023.08.01"]
[WhiteClock "0:00:04"]
[BlackClock "0:00:00"]
[Board "32"]

1. e4 c5 2. Nf3 Nc6 3. d4 cxd4 4. Nxd4 Qb6 5. Nb3 e6 6. Nc3 Nf6 7. Qe2 Bb4 8. Bd2 O-O 9. a3 Bxc3 10. Bxc3 e5 11. O-O-O Rd8 12. Rd6 Ne8 13. Rd2 a5 14. Qb5 Qc7 15. Rd1 d6 16. Nd2 Be6 17. Nc4 Ra6 18. Ne3 Na7 19. Qa4 Bd7 20. Qb3 b5 21. Nd5 Qb8 22. a4 Kf8 23. h4 Rc8 24. h5 h6 25. Be2 Nc7 26. f4 Nxd5 27. Rxd5 Be6 28. axb5 Bxd5 29. Qxd5 Rc5 30. bxa6 Rxd5 31. exd5 Qb6 32. fxe5 dxe5 33. Kb1 Nb5 34. Bxe5 Qxa6 35. Rd1 Nc3+ 36. Bxc3 Qxe2 37. Rd2 Qf1+ 38. Ka2 Qc4+ 39. Ka3 Ke7 40. Bxa5 Kd7 41. Bc3 Qg4 42. b3 Qxh5 43. Bxg7 Qg5 44. Bc3 Qe3 45. Kb2 h5 46. Rd3 Qg5 47. g3 h4 48. gxh4 Qxh4 49. Bd2 Qf6+ 50. c3 Qf2 51. b4 f5 52. Rd4 Qe2 53. Kc2 Qa6 54. Kb3 Qf1 55. Kc2 Qa6 56. c4 Qa2+ 57. Kd1 Qb1+ 58. Ke2 Qb2 59. Rf4 Qc2 60. b5 Qb1 61. Rd4 Kd6 62. Bf4+ Kc5 63. Be3 Kd6 64. c5+ Ke5 65. c6 Qxb5+ 66. Kf2 Qb2+ 67. Rd2 Qb3 68. d6 Ke4 69. Re2 f4 70. Bc1+ Kf5 71. d7 Qg3+ 72. Kf1 f3 73. d8=Q Qh3+ 74. Ke1 Qh1+ 75. Kd2 fxe2 76. Qf8+ Ke6 77. Qe8+ Kd6 78. Qd7+ Kc5 79. Kxe2 Qxc1 80. c7 Qc2+ 81. Ke3 Qc3+ 82. Ke4 Qe1+ 83. Kf5 Qf1+ 84. Ke6 Qh3+ 85. Kf7 Qf3+ 86. Ke7 Qe4+ 87. Kd8 Qh4+ 88. Qe7+ 1-0


[Site "https://www.chess.com"]

[Event "Titled Tuesday Blitz August 1 Late 2023"]
[White "Elsa167"]
[Black "Ibadov, Dashgyn"]
[BlackFideId "24107514"]
[WhiteElo "2764"]
[BlackElo "2586"]
[Result "1-0"]
[Round "6"]
[TimeControl "180+1"]
[Date "2023.08.01"]
[WhiteClock "0:02:30"]
[BlackClock "0:00:00"]
[Board "33"]

1. d4 Nf6 2. c4 c5 3. d5 d6 4. Nc3 g6 5. e4 Bg7 6. f3 O-O 7. Bg5 e6 8. Qd2 exd5 9. cxd5 h6 10. Be3 a6 11. a4 Re8 12. Nge2 h5 13. Nf4 Nbd7 14. Nd3 Ne5 15. Nf2 b5 16. axb5 Qb6 17. b4 1-0


[Site "https://www.chess.com"]

[Event "Titled Tuesday Blitz August 1 Late 2023"]
[White "Bochnicka, Vladimir"]
[Black "Mekhitarian, Krikor Sevag"]
[WhiteFideId "14943450"]
[BlackFideId "2107660"]
[WhiteElo "2515"]
[BlackElo "2762"]
[Result "1-0"]
[Round "6"]
[TimeControl "180+1"]
[Date "2023.08.01"]
[WhiteClock "0:00:16"]
[BlackClock "0:00:24"]
[Board "34"]

1. e4 e6 2. d4 d5 3. e5 c5 4. c3 Nc6 5. Nf3 Bd7 6. Bd3 cxd4 7. O-O dxc3 8. Nxc3 a6 9. Re1 Nge7 10. h4 Nc8 11. h5 h6 12. a3 Nb6 13. b4 Rc8 14. Bf4 Be7 15. Rc1 Na7 16. Qe2 Nc4 17. Nd4 Nb6 18. Qg4 Kf8 19. Re3 Bg5 20. Rg3 Na4 21. Nxa4 Bxa4 22. Rxc8 Nxc8 23. Bxg5 Qxg5 24. Nxe6+ fxe6 25. Qf3+ Ke7 26. Rxg5 hxg5 27. Bg6 Be8 28. Qe3 Bxg6 29. Qxg5+ Kd7 30. Qxg6 Ne7 31. Qxg7 Rxh5 32. g4 Rh3 33. f4 Rf3 34. Qf7 d4 35. Kg2 Re3 36. f5 exf5 37. gxf5 Rxe5 38. f6 Kd6 39. fxe7 Rxe7 40. Qf6+ Re6 41. Qxd4+ Kc7 42. Qc4+ Kd7 43. Qd5+ Ke7 44. Qxb7+ Kd8 45. Qb8+ Kd7 46. a4 1-0


[Site "https://www.chess.com"]

[Event "Titled Tuesday Blitz August 1 Late 2023"]
[White "ExchangeAB"]
[Black "Vetoshko, Volodymyr"]
[BlackFideId "14122480"]
[WhiteElo "2490"]
[BlackElo "2733"]
[Result "1-0"]
[Round "6"]
[TimeControl "180+1"]
[Date "2023.08.01"]
[WhiteClock "0:00:22"]
[BlackClock "0:00:00"]
[Board "35"]

1. d4 b6 2. e4 Bb7 3. Nc3 e6 4. a3 Nf6 5. Bd3 c5 6. Nf3 cxd4 7. Nxd4 Nc6 8. Nxc6 Bxc6 9. O-O Bd6 10. Qe2 Qc7 11. h3 h5 12. Re1 Bh2+ 13. Kf1 Be5 14. Nb5 Qb8 15. Qe3 a6 16. Nd4 Bxd4 17. Qxd4 Qh2 18. f3 b5 19. Be3 h4 20. Bg1 Qc7 21. Qb6 Qc8 22. Rac1 Nh5 23. Be3 Qb8 24. Qxb8+ Rxb8 25. b4 d5 26. exd5 Bxd5 27. c4 bxc4 28. Bxc4 Ng3+ 29. Kf2 Bxc4 30. Rxc4 Nf5 31. Rc6 Ra8 32. Rd1 Ke7 33. Bc5+ Kf6 34. Rd7 Rhd8 35. Rxd8 Rxd8 36. Rxa6 Rd2+ 37. Ke1 Rxg2 38. b5 Rc2 39. Ba7 Rc1+ 40. Kd2 Rb1 41. b6 Nd4 42. Ra4 Nxf3+ 43. Kc2 1-0


[Site "https://www.chess.com"]

[Event "Titled Tuesday Blitz August 1 Late 2023"]
[White "Ibarra Jerez, Jose Carlos"]
[Black "Poltorak, Sebastian"]
[WhiteFideId "2226332"]
[BlackFideId "1199498"]
[WhiteElo "2875"]
[BlackElo "2540"]
[Result "1-0"]
[Round "6"]
[TimeControl "180+1"]
[Date "2023.08.01"]
[WhiteClock "0:00:12"]
[BlackClock "0:00:03"]
[Board "36"]

1. e4 c6 2. Nf3 d5 3. d3 Nd7 4. Qe2 Qc7 5. e5 e6 6. g3 b6 7. Bg2 Bb7 8. O-O Ne7 9. h4 c5 10. c4 h6 11. Nc3 a6 12. Re1 O-O-O 13. a3 Kb8 14. b4 Nf5 15. cxd5 cxb4 16. Ne4 exd5 17. Ned2 Qc3 18. Rb1 bxa3 19. Rb3 Qa5 20. Bxa3 Bxa3 21. Ra1 Nc5 22. Rbxa3 Qb5 23. Rb1 Qc6 24. d4 Ne4 25. Qd3 Ne7 26. Rxa6 Bxa6 27. Qxa6 Nc8 28. e6 Qb7 29. Qa4 Nxd2 30. Nxd2 fxe6 31. Nf3 Ne7 32. Ne5 Rhf8 33. Bf1 Rd6 34. Qa3 Rfd8 35. Nf7 R6d7 36. Ba6 Qa7 37. Nxd8 Rxd8 38. Qa5 Rd6 39. Qb4 Rc6 40. Bb5 Rc2 41. Ba4 Qc7 42. Bxc2 Qxc2 43. Qxb6+ Kc8 44. Qb8+ Kd7 45. Rb7+ Kc6 46. Qc7# 1-0


[Site "https://www.chess.com"]

[Event "Titled Tuesday Blitz August 1 Late 2023"]
[White "Chor, Kevin"]
[Black "Hansen, Eric"]
[WhiteFideId "2090740"]
[BlackFideId "2606771"]
[WhiteElo "2525"]
[BlackElo "2838"]
[Result "0-1"]
[Round "6"]
[TimeControl "180+1"]
[Date "2023.08.01"]
[WhiteClock "0:00:05"]
[BlackClock "0:00:25"]
[Board "37"]

1. e4 c5 2. Nf3 e6 3. d4 cxd4 4. Nxd4 a6 5. Nc3 Qc7 6. Bd3 Nf6 7. O-O Bc5 8. Nb3 Be7 9. a4 d6 10. Qe2 b6 11. f4 Bb7 12. Bd2 Nbd7 13. g4 g6 14. Rae1 O-O 15. g5 Nh5 16. Qf2 Nc5 17. Nd4 Nxd3 18. cxd3 e5 19. Nde2 f5 20. gxf6 Nxf6 21. f5 Kh8 22. Bh6 Rg8 23. Ng3 Ng4 24. Qd2 Qd7 25. Bg5 gxf5 26. Rxf5 Rg7 27. Ref1 Rag8 28. Bxe7 Qxe7 29. Nce2 Bc8 30. Kh1 d5 31. exd5 Qc5 32. R5f3 Qxd5 33. Nc3 Qd7 34. Nce4 Bb7 35. h3 Nf6 36. Kh2 Nxe4 37. Nxe4 Bxe4 0-1


[Site "https://www.chess.com"]

[Event "Titled Tuesday Blitz August 1 Late 2023"]
[White "Vovk, Orest"]
[Black "Rasulov, Vugar"]
[WhiteFideId "14113490"]
[BlackFideId "13402390"]
[WhiteElo "2525"]
[BlackElo "2823"]
[Result "0-1"]
[Round "6"]
[TimeControl "180+1"]
[Date "2023.08.01"]
[WhiteClock "0:00:19"]
[BlackClock "0:01:47"]
[Board "38"]

1. g4 Nf6 2. g5 Nd5 3. e4 Nb6 4. Bg2 d5 5. exd5 Nxd5 6. d4 e6 7. c4 Bb4+ 8. Bd2 Nf4 9. Bxb4 Nxg2+ 10. Kf1 Nf4 11. Nf3 b6 12. Qd2 Ng6 13. Nc3 Bb7 14. d5 c5 15. dxc6 Nxc6 16. Bd6 Nce7 17. Ke2 Bxf3+ 18. Kxf3 Ne5+ 19. Kg2 Nxc4 20. Qd4 Nxd6 21. Rad1 Nef5 22. Qa4+ Qd7 0-1


[Site "https://www.chess.com"]

[Event "Titled Tuesday Blitz August 1 Late 2023"]
[White "Prado Lobo, Jonas"]
[Black "Bazeev, German"]
[WhiteFideId "32050666"]
[BlackFideId "24119350"]
[WhiteElo "2525"]
[BlackElo "2814"]
[Result "1-0"]
[Round "6"]
[TimeControl "180+1"]
[Date "2023.08.01"]
[WhiteClock "0:00:04"]
[BlackClock "0:00:14"]
[Board "39"]

1. e4 g6 2. d4 Bg7 3. Nf3 d6 4. Be2 Nf6 5. Nc3 Nc6 6. h3 O-O 7. O-O e5 8. dxe5 Nxe5 9. Bg5 Nxf3+ 10. Bxf3 h6 11. Bh4 Be6 12. Nd5 Bxd5 13. exd5 Qd7 14. c3 Rfe8 15. Qb3 Qc8 16. Rfe1 Rxe1+ 17. Rxe1 Nd7 18. Bg4 f5 19. Bd1 g5 20. Bg3 f4 21. Bh2 Ne5 22. Bg4 Nxg4 23. hxg4 Qxg4 24. Qxb7 Qc8 25. Qc6 Rb8 26. b4 Qd8 27. f3 Qf8 28. Kh1 Be5 29. Bg1 Re8 30. Bxa7 g4 31. fxg4 f3 32. Rf1 Qe7 33. Rxf3 Qh4+ 34. Rh3 Qe1+ 35. Bg1 Rf8 36. Qxc7 Qe4 37. Rxh6 Bg7 38. Rh3 Qxd5 39. Qe7 Qxa2 40. Qxd6 Rf1 41. Qd8+ Rf8 42. Qd1 Qe6 43. Re3 Qh6+ 44. Rh3 Qg6 45. Qe2 Re8 46. Qc4+ Re6 47. Qc8+ Bf8 48. Qd7 Re7 49. Qd5+ Re6 50. Bd4 Kf7 51. Qf5+ Qxf5 52. gxf5 Re1+ 53. Kh2 Bd6+ 54. g3 Re2+ 55. Kg1 Rc2 56. g4 Bf4 57. Rh7+ Kg8 58. Rg7+ Kf8 59. Rd7 Bh2+ 60. Kf1 Bf4 61. b5 Rb2 62. b6 Ke8 63. Rh7 Kf8 64. b7 Kg8 65. Rd7 Kf8 66. f6 Ke8 67. Re7+ Kf8 68. Bc5 1-0


[Site "https://www.chess.com"]

[Event "Titled Tuesday Blitz August 1 Late 2023"]
[White "Fantastic_Power"]
[Black "Tikhonov, Viacheslav"]
[BlackFideId "44196407"]
[WhiteElo "2758"]
[BlackElo "2525"]
[Result "0-1"]
[Round "6"]
[TimeControl "180+1"]
[Date "2023.08.01"]
[WhiteClock "0:00:07"]
[BlackClock "0:00:22"]
[Board "40"]

1. Nf3 Nf6 2. e3 e6 3. c4 d5 4. b3 Be7 5. Bb2 O-O 6. Nc3 c5 7. cxd5 exd5 8. d4 Nc6 9. Be2 Bg4 10. O-O Re8 11. Rc1 cxd4 12. Nxd4 Bd7 13. Bf3 Qa5 14. a3 Ne5 15. b4 Nxf3+ 16. Qxf3 Qa6 17. Nxd5 Nxd5 18. Qxd5 Rad8 19. Qf3 Bf6 20. Rfd1 Ba4 21. Re1 b6 22. h3 Qd3 23. Bc3 Rc8 24. Bb2 Qd2 25. Rb1 h6 26. Qf5 Bc2 27. Nxc2 Qxc2 28. Qxc2 Rxc2 29. Bxf6 gxf6 30. Rbc1 Rec8 31. Rxc2 Rxc2 32. Rd1 Rc3 33. Ra1 Kg7 34. Kf1 Rb3 35. Ke2 Rb2+ 36. Kf3 Kg6 37. g4 a5 38. bxa5 bxa5 39. a4 Rb4 40. Kg3 Rb2 41. Ra3 Rb4 42. f4 f5 43. Kf3 f6 44. Kg3 Rc4 45. Kf3 Rb4 46. Ra2 Rc4 47. Ra1 Rb4 48. h4 fxg4+ 49. Kxg4 h5+ 50. Kf3 Kf5 51. Rc1 Rxa4 52. e4+ Kg6 53. f5+ Kg7 54. Rc7+ Kg8 55. Rc6 Kg7 56. Rc7+ Kg8 57. Kf4 Ra1 58. Rc6 Kg7 59. Rc7+ Kg8 60. e5 Ra4+ 61. Kf3 fxe5 62. Kg3 Rg4+ 63. Kh3 Rf4 64. Ra7 a4 65. f6 Rf3+ 66. Kg2 Rf4 67. Kg3 Kf8 68. f7 Rd4 69. Kf3 Rxh4 70. Ke3 Rf4 71. Ke2 h4 72. Ke3 h3 73. Ra8+ Kxf7 74. Rh8 Rb4 75. Kd3 a3 76. Kc3 a2 77. Ra8 h2 78. Kxb4 h1=Q 79. Rxa2 Qb7+ 80. Ka3 Qa6+ 81. Kb3 Qb5+ 82. Ka3 Ke6 83. Rb2 Qa5+ 84. Kb3 Kd5 85. Rc2 Qb5+ 86. Ka3 Kd4 87. Rd2+ Qd3+ 88. Rxd3+ Kxd3 89. Kb4 e4 90. Ka5 e3 91. Kb6 e2 0-1


[Site "https://www.chess.com"]

[Event "Titled Tuesday Blitz August 1 Late 2023"]
[White "Estrada Nieto, Julian"]
[Black "Matinian, Nikita"]
[WhiteFideId "5101018"]
[BlackFideId "24129100"]
[WhiteElo "2520"]
[BlackElo "2721"]
[Result "1-0"]
[Round "6"]
[TimeControl "180+1"]
[Date "2023.08.01"]
[WhiteClock "0:00:27"]
[BlackClock "0:00:30"]
[Board "41"]

1. e4 c5 2. Nf3 d6 3. Bb5+ Nd7 4. d4 cxd4 5. Qxd4 a6 6. Bxd7+ Bxd7 7. Nc3 Rc8 8. a4 Nf6 9. Bg5 h6 10. Bxf6 gxf6 11. O-O Rg8 12. Kh1 Qa5 13. Nd5 Rxc2 14. b4 Qd8 15. Rac1 Rc6 16. b5 axb5 17. axb5 Rxc1 18. Rxc1 Bg7 19. Nc7+ Kf8 20. Qb6 Qc8 21. Ra1 f5 22. Ra8 fxe4 23. Rxc8+ Bxc8 24. Nd2 f5 25. Nd5 Kf7 26. Qc7 Re8 27. Nc4 Kf8 28. Ncb6 Be6 29. Qxb7 Kf7 30. h3 Bd4 31. Qc7 Bxf2 32. Nf4 e3 33. Qc2 Rb8 34. Nxe6 Kxe6 35. Qc4+ d5 36. Qxd5+ Kf6 37. Nd7+ Kg5 38. Nxb8 e2 39. Qd2+ 1-0


[Site "https://www.chess.com"]